 Dungeon Crawl Stone Soup version 0.27.1-4-g1640c2035a (webtiles) character file.

Game seed: 14406318474531126816

64 Crownlay the Cudgeller (level 3, -2/36 HPs)
             Began as a Troll Berserker on Nov 6, 2021.
             Was a Follower of Trog.
             Slain by a gnoll (7 damage)
             ... on level 2 of the Dungeon.
             The game lasted 00:01:32 (751 turns).

Crownlay the Cudgeller (Troll Berserker)             Turns: 751, Time: 00:01:33

Health: -2/36      AC:  4    Str: 26    XL:     3   Next: 91%
Magic:  2/2        EV: 10    Int:  3    God:    Trog [*.....]
Gold:   21         SH:  0    Dex:  9    Spells: 2/2 levels left

rFire    . . .     SeeInvis .   a - +0 mace
rCold    . . .     Faith    .   (no shield)
rNeg     . . .     Spirit   .   b - +0 animal skin
rPois    .         Reflect  .   (helmet restricted)
rElec    .         Harm     .   (no cloak)
rCorr    .         Rampage  .   (gloves unavailable)
Will     .....                  (boots unavailable)
Stlth    +.........             (no amulet)
HPRegen  1.12/turn              (no ring)
MPRegen  0.08/turn              (no ring)

@: on berserk cooldown, slowed, very slow
A: large, unfitting armour, claws 3, regeneration 1, shaggy fur 1, tough skin 1
a: Renounce Religion, Berserk


You were on level 2 of the Dungeon.
You worshipped Trog.
Trog was aware of your devotion.
You visited 1 branch of the dungeon, and saw 2 of its levels.

You collected 21 gold pieces.

Inventory:

Hand Weapons
 a - a +0 mace (weapon)
Armour
 b - a +0 animal skin (worn)
Scrolls
 c - 2 scrolls of identify {unknown}
 e - a scroll of vulnerability {unknown}
Potions
 d - 2 potions of attraction {unknown}


   Skills:
 - Level 2.6 Fighting
 * Level 3.9 Maces & Flails
 + Level 1.3 Throwing
 - Level 2.4 Dodging


You had 2 spell levels left.
You didn't know any spells.
Your spell library was empty.

Dungeon Overview and Level Annotations

Branches:
Dungeon (2/15)

Altars:


Innate Abilities, Weirdness & Mutations

You are too large for most types of armour.
You have claws for hands.
Your natural rate of healing is unusually fast.
You are covered in fur. (AC +1)
You have tough skin. (AC +1)


Message History

You thump the gnoll!
The gnoll is heavily wounded.
The gnoll misses you.
You sock the gnoll!
You kill the gnoll!
Trog accepts your kill. The gnoll barely misses you.
You barely miss the worm. The gnoll barely misses you.
You hit the worm.
The worm is moderately wounded.
The gnoll hits you but does no damage. The worm bites you.
You thump the worm!
The worm is severely wounded.
You barely miss the worm.
The worm is severely wounded.
The gnoll closely misses you. The worm bites you.
You sock the worm!
You kill the worm!
Trog accepts your kill.
The gnoll hits you from afar with a +0 spear.
You are no longer berserk.
You are exhausted.
You feel yourself slow down. The gnoll hits you with a +0 spear.
* * * LOW HITPOINT WARNING * * *
Items here: ( ))) †††.
The gnoll hits you with a +0 spear.
* * * LOW HITPOINT WARNING * * *
You completely miss the gnoll. The gnoll hits you with a +0 spear.
* * * LOW HITPOINT WARNING * * *
The gnoll misses you.
You barely miss the gnoll.
A kobold comes into view. It is wielding a +0 hand axe.
The gnoll hits you with a +0 spear.
* * * LOW HITPOINT WARNING * * *
The gnoll closely misses you.
The kobold moves out of view.
You hit the gnoll but do no damage. The gnoll closely misses you. x2
You hit the gnoll.
The gnoll is heavily wounded.
The gnoll hits you with a +0 spear!
You die...

#. #.# #. ##.## #.
#...## .. .... #.
... #. #.#
#.####.######.
#.@)..<.......
.......g###..#####.
..#####.# ##.# #.#
.# ... .# .#. .# #.
. .# ## ## .#


You could see a gnoll.

Vanquished Creatures
  3 gnolls (D:2)
  An adder (D:2)
  A worm (D:2)
  A dart slug (D:1)
  A ball python (D:1)
  3 endoplasms
  2 goblins (D:1)
  4 kobolds (D:1)
  A quokka (D:1)
  A frilled lizard (D:1)
  3 rats (D:1)
21 creatures vanquished.

Notes
Turn   | Place    | Note
-------+----------+-------------------------------------------
     0 | D:1      | Crownlay the Troll Berserker began the quest for the Orb.
     0 | D:1      | Reached XP level 1. HP: 22/22 MP: 0/0
    32 | D:1      | Reached skill level 3 in Maces & Flails
   100 | D:1      | Reached XP level 2. HP: 28/29 MP: 1/1
   330 | D:1      | Found a faded altar of an unknown god.
   733 | D:2      | Reached XP level 3. HP: 20/36 MP: 2/2
   738 | D:2      | Reached skill level 1 in Throwing
   749 | D:2      | HP: 1/36 [gnoll (4)]
   751 | D:2      | Slain by a gnoll

Illustrated notes

Levels and vault maps discovered:
D:1:      scummos_arrival_checkerplants, layout_basic,
          hellmonk_ecumenical_altar_leap_of_faith, serial_park_tiny_2
D:2:      layout_loops_ring, uniq_terence, uniq_sigmund, uniq_crazy_yiuf_cottage

Skill      XL: |  1  2  3 |
---------------+----------+-----
Maces & Flails | 3 |  3.9
Throwing       | 1 |  1.3
Fighting       | |  2.6
Dodging        | |  2.4

Action                   || total
-------------------------++-------
Melee: Mace              ||    71
Invok: Berserk           ||     1
Armor: Animal skin       ||    30
Dodge: Dodged            ||    40
